 Dungeon Crawl Stone Soup version 0.16-a0-2757-g883b90a (webtiles) character file.

42 stonewall the Slasher (level 3, 0/27 HPs)
             Began as a Mummy Warper on Nov 28, 2014.
             Was an Initiate of Okawaru.
             Slain by a gnoll
             ... wielding a +0 whip
              (9 damage)
             ... on level 1 of the Dungeon.
             The game lasted 00:02:50 (1518 turns).

stonewall the Slasher (Mummy Warper)                Turns: 1518, Time: 00:02:50

Health: 0/27       AC:  5    Str: 15    XL:     3   Next: 33%
Magic:  6/6        EV: 11    Int: 12    God:    Okawaru [......]
Gold:   76         SH:  0    Dex: 11    Spells: 1 memorised, 5 levels left

rFire  x . .     SeeInvis .     a - +0 falchion {i hate this game}
rCold  + . .     Clarity  .     b - +0 leather armour
rNeg   + + +     SustAb   .     (no shield)
rPois  ∞         Gourm    .     (no helmet)
rElec  .         Spirit   .     (no cloak)
rCorr  .         Warding  .     h - +0 pair of gloves
rMut   .         Stasis   .     f - +0 pair of boots
MR     .....                    (no amulet)
Stlth  +.........               (no ring)
                                (no ring)

@: not resistant to hostile enchantments, very unstealthy
A: no food or potions, fire vulnerability, restore body, cold resistance 1,
negative energy resistance 3, poison resistance, torment resistance, unbreathing
a: Renounce Religion


You were on level 1 of the Dungeon.
You worshipped Okawaru.
Okawaru was noncommittal.
You were not hungry.

You visited 1 branch of the dungeon, and saw 2 of its levels.

You collected 76 gold pieces.

Inventory:

Hand weapons
 a - a +0 falchion (weapon) {i hate this game}
Missiles
 i - 2 tomahawks (quivered)
Armour
 b - a +0 leather armour (worn)
 f - a +0 pair of boots (worn)
 h - a +0 pair of gloves (worn)
Scrolls
 d - a scroll of blinking
 g - 5 scrolls of identify {unknown}
 j - a scroll of noise {unknown}
 k - a scroll of magic mapping {unknown}
 l - a scroll of remove curse {unknown}
 m - a scroll of recharging {unknown}
Books
 c - a book of Spatial Translocations

   Spells                             Type                      Level
   *Apportation                       Translocation                1
   Blink                              Translocation                2
   Shroud of Golubria                 Charms/Translocation         2
   Portal Projectile                  Translocation                3
   Teleport Other                     Translocation                3
   Passage of Golubria                Translocation                4


   Skills:
 - Level 2.0 Fighting
 + Level 3.1 Long Blades
 - Level 0.7 Throwing
 - Level 0.7 Armour
 - Level 1.5 Dodging
 - Level 2.0 Spellcasting
 - Level 2.4 Translocations


You had 5 spell levels left.
You knew the following spells:

 Your Spells              Type           Power        Failure   Level  Hunger
a - Apportation           Tloc           #.........   12%         1    N/A

Dungeon Overview and Level Annotations

Branches:
Dungeon (2/15)

Altars:
Dithmenos
Okawaru


Innate Abilities, Weirdness & Mutations

You do not eat or drink.
Your flesh is vulnerable to fire.
Your flesh is cold resistant.
You are immune to negative energy.
Your system is resistant to poisons.
You are immune to unholy pain and torment.
You can survive without breathing.


Message History

You climb downwards.
The gnoll barely misses you.
There is a stone staircase leading up here.
The gnoll hits you with a whip.
* * * LOW HITPOINT WARNING * * *
You climb upwards.
There is a stone staircase leading down here.
You can't go up here!
You can't go up here!
A gnoll is nearby!
A gnoll is nearby!
A gnoll is nearby!
A gnoll is nearby!
A gnoll is nearby!
You barely miss the gnoll. The gnoll hits you with a whip.
* * * LOW HITPOINT WARNING * * *
The gnoll hits you with a whip.
* * * LOW HITPOINT WARNING * * *
You see here an inky potion.
You barely miss the gnoll. The gnoll hits you with a whip!
You die...

..........# #..#...>...)####.#...
......#...###.#########......#...
.....###...##..........(#####..##
...w...................###....##
...#.).).#.........#######.####
#.##.._..##.........# #..#
.).#.).).#..........### #.##
........).............###.#
.....###.......g@...#..##.#
......#...#............#..#
...#..............######.##
...###...####....## #!.#
..###....## ####..# #.##
..##......# ##.# ###.#
≈....#...## #.###...# ≈≈..##...#
#.#...### .≈≈.##...# #.#.###


You could see a gnoll.

Vanquished Creatures
  A gnoll (D:2)
  An adder (D:2)
  A giant gecko (D:2)
  An orc (D:2)
  5 bats
  3 goblins
  3 hobgoblins (D:1)
  A giant newt (D:1)
  4 kobolds
  4 rats
24 creatures vanquished.

Notes
Turn   | Place    | Note
--------------------------------------------------------------
     0 | D:1      | stonewall, the Mummy Warper, began the quest for the Orb.
     0 | D:1      | Reached XP level 1. HP: 16/16 MP: 3/3
    41 | D:1      | Found an iron altar of Okawaru.
    79 | D:1      | Became a worshipper of Warmaster Okawaru
   323 | D:1      | Reached XP level 2. HP: 20/22 MP: 4/4
   644 | D:2      | Found a shadowy altar of Dithmenos.
  1322 | D:2      | Reached XP level 3. HP: 25/27 MP: 6/6
  1345 | D:2      | Reached skill level 3 in Long Blades
  1518 | D:1      | Slain by a gnoll

Action                   || total
-------------------------++-------
Melee: Falchion          ||    98
Throw: Tomahawk          ||     5
